cohdb
Replays
Latest Replays
All Replays
Popular Replays
Top Player Replays
Match Explorer
How It Works
Community
CoH3 Stats
Reddit
Sign in to upload your games and track your stats! →
Sign in with Steam
Match 42088561
Unlisted
Match 42088561
Overview
Messages
Build Orders
End
Panzergrenadier Squad
250 Light Carrier
Panzergrenadier Squad
Construct Light Support Kompanie
MG34 Team
Construct Mechanized Kompanie
8 Rad Armored Car
Panzerjäger Mechanized Group
Support Armor Elements
Marder III Tank Destroyer
StuG III D Assault Gun
2.5-tonne Medical Truck
Marder III Tank Destroyer
Construct Panzerarmee Kommand
Assault Mechanized Group
Armored Reserves
Panzerpioneer Squad
Pak 38 Anti-tank Gun Team
Saueee
Gordon Birdman
Dikcon
MMMilkmother
0
0
Comments
sign in to comment!
No comments posted yet!